Map: 엔디온 잔해

Players

llllllllllll (Scarlett) - Winner!

  • Race: Zerg Zerg
  • League: Grandmaster

llllllllllll

  • Race: Protoss Protoss
  • League: Grandmaster

VOD

Have the link to the VOD?

Description

Time

  • Played on: April 13, 2016, 7:46 a.m.
  • Length: 8:29
Show
View Real Time Build Order
Export as new Build Order

llllllllllll Zerg - Winner!

Build Orders: Hatch First 

Get SALT Encoding   

  12  0:00  Drone  
  13  0:09  Drone  
  14  0:19  Overlord  
  14  0:26  Extractor  
  14  0:27  Drone  
  15  0:38  Drone  
  15  0:39  Drone  
  17  0:54  Hatchery  
  17  0:57  Drone  
  17  0:59  Drone  
  18  1:12  Spawning Pool  
  18  1:14  Extractor  
  18  1:15  Drone  
  17  1:19  Drone  
  18  1:28  Drone  
  20  1:40  Drone  
  20  1:47  Hatchery  
  19  1:52  Drone  
  20  2:05  Drone  
  20  2:06  Queen  
  20  2:07  Drone  
  24  2:14  Metabolic Boost  
  24  2:16  Drone  
  24  2:22  Overlord  
  25  2:27  Drone  
  25  2:28  Drone  
  27  2:37  Drone  
  27  2:40  Queen  
  30  2:44  Queen  
  30  2:47  Zergling x2  
  30  2:51  Overlord  
  33  2:58  Drone x2  
  35  3:01  Queen  
  35  3:05  Drone  
  38  3:07  Drone  
  38  3:11  Drone x2  
  41  3:16  Zergling x6  
  44  3:20  Drone x2  
  44  3:24  Drone x2  
  48  3:28  Overlord  
  48  3:33  Zergling x2  
  49  3:37  Drone  
  49  3:38  Overlord  
  50  3:43  Overlord  
  50  3:48  Drone x2  
  52  3:53  Drone x6  
  58  3:58  Lair  
  58  4:02  Overlord  
  58  4:07  Extractor  
  57  4:12  Zergling x2  
  57  4:13  Zergling x6  
  60  4:19  Overlord  
  60  4:27  Drone x6  
  60  4:28  Drone x2  
  68  4:33  Spore Crawler  
  68  4:35  Overlord  
  67  4:39  Extractor  
  67  4:40  Extractor  
  67  4:44  Overlord  
  67  4:45  Drone x5  
  70  4:46  Queen  
  70  4:47  Spore Crawler  
  71  5:00  Spore Crawler, Drone x4  
  71  5:03  Hydralisk Den  
  71  5:04  Drone  
  71  5:05  Evolution Chamber, Drone x3  
  76  5:10  Drone x2  
  77  5:16  Drone x4  
  77  5:19  Drone  
  77  5:20  Drone x2  
  84  5:21  Baneling Nest  
  84  5:26  Extractor  
  84  5:27  Extractor  
  81  5:31  Zerg Missile Weapons Level 1  
  81  5:32  Drone x2  
  81  5:33  Drone  
  81  5:34  Drone x3  
  87  5:38  Muscular Augments  
  87  5:51  Overlord x2  
  87  5:54  Overlord, Drone x2  
  87  5:55  Overlord  
  89  5:57  Hydralisk  
  89  5:58  Hydralisk x4  
  89  6:03  Hydralisk x3  
  105  6:06  Overlord  
  105  6:11  Centrifical Hooks  
  105  6:12  Hydralisk x2  
  109  6:19  Hydralisk x2  
  109  6:22  Drone x4  
  109  6:23  Drone  
  114  6:30  Hydralisk x3  
  120  6:33  Overlord  
  120  6:34  Overlord  
  120  6:36  Overlord x2  
  120  6:43  Hydralisk x3  
  120  6:45  Hydralisk  
  120  6:46  Hydralisk x2  
  132  6:54  Hydralisk  
  132  6:56  Hydralisk  
  136  7:04  Zergling x2  
  136  7:05  Zergling x8  
  136  7:06  Hatchery  
  140  7:10  Infestation Pit  
  140  7:12  Zergling x2  
  140  7:13  Zergling x6  
  140  7:17  Zergling x8  
  143  7:23  Zergling x12  
  143  7:28  Baneling x6  
  143  7:29  Baneling x7  
  148  7:31  Baneling x2  
  148  7:32  Zergling x2  
  148  7:33  Zergling x4  
  151  7:40  Baneling x5  
  151  7:41  Zergling x4  
  151  7:42  Zergling x2  
  151  7:44  Zergling x6  
  155  7:46  Zergling x6  
  155  7:47  Overlord  
  133  8:12  Zergling x2  
  145  8:14  Overseer  
Show
View Real Time Build Order
Export as new Build Order

llllllllllll Protoss 

Build Orders: 1 Gate Expand, Phoenix Opening, Zealot Archon 

Get SALT Encoding   

  12  0:01  Probe (Chrono Boost)  
  13  0:11  Probe (Chrono Boost)  
  14  0:22  Pylon  
  14  0:24  Probe (Chrono Boost)  
  15  0:40  Probe (Chrono Boost)  
  15  0:41  Gateway  
  16  0:49  Assimilator  
  16  0:51  Probe (Chrono Boost)  
  17  1:01  Probe (Chrono Boost)  
  18  1:12  Probe (Chrono Boost)  
  19  1:21  Nexus  
  19  1:31  Cybernetics Core  
  19  1:34  Probe (Chrono Boost)  
  19  1:39  Assimilator  
  20  1:44  Probe (Chrono Boost)  
  21  1:53  Pylon  
  21  1:55  Probe (Chrono Boost)  
  22  2:05  Probe (Chrono Boost)  
  22  2:08  Warp Gate (Chrono Boost)  
  23  2:15  Adept (Chrono Boost), Probe  
  26  2:24  Mothership Core  
  28  2:31  Probe  
  29  2:42  Probe  
  30  2:44  Probe  
  31  2:52  Probe, Stargate  
  31  2:53  Gateway  
  31  2:55  Probe  
  33  3:03  Probe  
  33  3:05  Probe  
  35  3:13  Probe  
  35  3:16  Probe  
  37  3:24  Probe  
  37  3:26  Probe  
  38  3:28  Nexus  
  39  3:34  Phoenix (Chrono Boost)  
  39  3:36  Probe  
  39  3:37  Probe  
  42  3:48  Pylon, Probe  
  43  3:49  Probe  
  43  3:54  Pylon  
  43  3:55  Phoenix  
  42  4:00  Assimilator  
  44  4:04  Assimilator  
  44  4:07  Probe (Chrono Boost)  
  44  4:08  Probe (Chrono Boost)  
  46  4:18  Phoenix  
  46  4:19  Pylon  
  46  4:21  Probe (Chrono Boost)  
  46  4:22  Probe (Chrono Boost)  
  46  4:23  Adept x2  
  55  4:31  Pylon, Probe (Chrono Boost)  
  55  4:34  Probe (Chrono Boost)  
  56  4:40  Phoenix  
  56  4:43  Probe (Chrono Boost)  
  60  4:46  Probe (Chrono Boost)  
  60  4:48  Adept  
  60  4:49  Adept  
  60  4:52  Pylon  
  64  4:59  Probe (Chrono Boost)  
  66  5:00  Probe (Chrono Boost)  
  66  5:01  Phoenix  
  68  5:09  Probe (Chrono Boost)  
  68  5:12  Probe (Chrono Boost)  
  70  5:24  Nexus, Probe (Chrono Boost)  
  70  5:25  Probe (Chrono Boost)  
  70  5:26  Pylon  
  70  5:27  Robotics Facility  
  72  5:29  Robotics Facility  
  72  5:34  Forge  
  72  5:36  Probe x2 (Chrono Boost)  
  74  5:46  Twilight Council, Probe (Chrono Boost)  
  74  5:47  Probe (Chrono Boost)  
  74  5:48  Pylon  
  77  5:57  Probe (Chrono Boost)  
  77  5:58  Probe (Chrono Boost)  
  78  6:07  Probe (Chrono Boost), Protoss Ground Weapons Level 1 (Chrono Boost)  
  78  6:08  Probe (Chrono Boost)  
  78  6:10  Gateway  
  80  6:11  Gateway  
  80  6:14  Gateway  
  80  6:15  Observer  
  80  6:18  Probe (Chrono Boost)  
  82  6:19  Probe (Chrono Boost)  
  83  6:28  Probe (Chrono Boost)  
  83  6:29  Probe (Chrono Boost)  
  83  6:30  Assimilator  
  85  6:33  Assimilator, Pylon  
  85  6:34  Pylon  
  85  6:35  Observer, Charge  
  85  6:38  Immortal  
  85  6:39  Probe (Chrono Boost)  
  91  6:51  Immortal  
  91  6:52  Probe x3  
  94  7:00  Templar Archives  
  98  7:04  Photon Cannon  
  96  7:09  Gateway  
  96  7:11  Gateway  
  96  7:19  Pylon  
  96  7:20  Pylon, Immortal  
  96  7:22  Pylon  
  96  7:24  Pylon  
  96  7:25  Immortal  
  100  7:32  Sentry x2  
  100  7:35  Pylon  
  108  7:37  Pylon  
  108  7:38  High Templar x2, Zealot  
  108  7:42  Archon  
  114  7:58  Zealot x2  
  87  8:09  High Templar  
  87  8:10  High Templar x2  
  99  8:15  Cybernetics Core  
  99  8:17  Archon  
  99  8:18  Gateway  
  99  8:19  High Templar  
  101  8:20  Zealot x2, Gateway  
  101  8:23  Archon  
Tags
 
Add a new tag
Caveats
  • Supply blocks, unpowered buildings, or Contaminate may cause inaccurate times.
  • Supply counts are checked every 10 seconds.